 Dungeon Crawl Stone Soup version 0.21.1-1-g345015f (webtiles) character file.

90 shakethe the Skirmisher (level 4, 0/38 HPs)
             Began as a Barachi Fighter on Feb 24, 2018.
             Slain by an adder (3 damage)
             ... on level 2 of the Dungeon.
             The game lasted 00:01:20 (818 turns).

shakethe the Skirmisher (Barachi Fighter)            Turns: 818, Time: 00:01:20

Health: 0/38       AC:  6    Str: 23    XL:     4   Next: 56%
Magic:  4/4        EV:  9    Int:  9    God:
Gold:   64         SH:  4    Dex: 11    Spells: 3/3 levels left

rFire    . . .     SeeInvis .   a - +0 long sword
rCold    . . .     Gourm    .   o - +0 buckler
rNeg     . . .     Faith    .   b - +0 scale mail
rPois    .         Spirit   .   (no helmet)
rElec    .         Reflect  .   (no cloak)
rCorr    .         Harm     .   (no gloves)
MR       .....                  (no boots)
Stlth    ..........             (no amulet)
HPRegen  0.12/turn              (no ring)
MPRegen  0.09/turn              (no ring)

@: mighty, lethally poisoned (0 -> -15), slow
A: +LOS, swims, slowness 1, strong legs 1
a: Hop


You were on level 2 of the Dungeon.
You were not hungry.

You visited 1 branch of the dungeon, and saw 2 of its levels.

You collected 64 gold pieces.

Inventory:

Hand Weapons
 a - a +0 long sword (weapon)
Armour
 b - a +0 scale mail (worn)
 c - a +0 shield
 o - a +0 buckler (worn)
   (You found it on level 2 of the Dungeon)
Jewellery
 n - an uncursed ring of wizardry {unknown}
   (You found it on level 2 of the Dungeon)
Scrolls
 e - 2 scrolls of teleportation {unknown}
 i - 2 scrolls of identify {unknown}
 l - a scroll of blinking {unknown}
Potions
 d - a potion of might
 g - a potion of heal wounds {unknown}
 h - a potion of flight {unknown}
 j - a potion of berserk rage {unknown}
 k - a potion of mutation {unknown}
 m - a potion of agility {unknown}
Comestibles
 f - 3 rations


   Skills:
 + Level 4.5 Fighting
 * Level 4.5 Long Blades
 - Level 3.6 Armour
 + Level 3.6 Shields


You had 3 spell levels left.
You didn't know any spells.

Dungeon Overview and Level Annotations

Branches:
Dungeon (2/15)

Altars:

Annotations:
D:2 Terence


Innate Abilities, Weirdness & Mutations

Shadows flee at your approach. (+LOS)
You can swim through water.
You cover ground slowly.
You can hop short distances.


Message History

No target in view!
No target in view!
No target in view!
You now have 64 gold pieces (gained 10).
A kobold comes into view.
The kobold throws a stone.
You block the stone.
The kobold throws a stone.
The stone barely misses you. The kobold hits you but does no damage.
You slash the kobold!
You kill the kobold!
No target in view!
No target in view!
No target in view!
No target in view!
No target in view!
No target in view!
No target in view!
No target in view!
No target in view!
No target in view!
No target in view!
No target in view!
An adder comes into view.
The adder hisses angrily.
Terence the Incautious comes into view.
He is wielding a falchion of venom.
Terence shouts!
You hear an angry hiss.
An adder and a goblin come into view.
Terence screams, "I want your blood!" The adder bites you but does no damage.
The adder barely misses you. You block the adder's attack.
Terence says, "Time to say good-bye..."
The adder bites you.
You take 1 damage, and have 37/38 hp.
Terence screams, "I want your blood!" The adder bites you.
You are poisoned.
The adder poisons you!
You take 1 damage, and have 36/38 hp.
You closely miss the adder.
You feel sick. The adder closely misses you. x2
You riposte.
Your scale mail prevents you from hitting the adder.
You block the adder's attack.
You take 1 damage, and have 35/38 hp.
You hit the adder but do no damage.
You feel sick. The adder bites you but does no damage. The adder bites you.
You are more poisoned.
The adder poisons you! The adder bites you but does no damage.
The adder completely misses you.
You riposte.
You closely miss the adder. Terence hits you but does no damage.
You take 2 damage, and have 33/38 hp.
You feel very mighty all of a sudden. The adder bites you.
You are more poisoned.
The adder poisons you! The adder bites you.
You take 4 damage, and have 29/38 hp.
You closely miss Terence.
You feel sick. The adder barely misses you.
Terence hits you with a falchion of venom.
You are more poisoned.
The adder misses you.
You riposte.
You barely miss the adder. The adder bites you.
You take 5 damage, and have 24/38 hp.
You closely miss Terence.
You feel very sick. The adder bites you but does no damage.
Terence hits you but does no damage. The adder bites you but does no damage.
The adder bites you. Terence hits you but does no damage.
You take 6 damage, and have 18/38 hp.
You barely miss Terence.
You feel sick. The adder barely misses you.
You riposte.
You closely miss the adder. The adder bites you but does no damage.
The adder barely misses you. Terence hits you but does no damage.
You take 1 damage, and have 17/38 hp.
You miss the adder.
You feel sick. The adder barely misses you. The adder bites you.
The adder bites you but does no damage. You block Terence's attack.
You take 2 damage, and have 15/38 hp.
Unknown command.
You miss the adder.
You feel sick. The adder misses you. The adder closely misses you.
You block the adder's attack. You block Terence's attack.
The adder barely misses you.
You take 2 damage, and have 13/38 hp.
You miss the adder.
You feel sick. The adder barely misses you. The adder bites you.
* * * LOW HITPOINT WARNING * * *
Terence hits you but does no damage.
You are more poisoned.
The adder misses you.
You take 2 damage, and have 11/38 hp.
You slash the adder!
You kill the adder!
* * * LOW HITPOINT WARNING * * *
You feel sick. The adder bites you.
* * * LOW HITPOINT WARNING * * *
Terence barely misses you. The adder barely misses you.
You take 6 damage, and have 5/38 hp.
You slash Terence!
* * * LOW HITPOINT WARNING * * *
You feel sick. The adder bites you.
You die...

.. ...... .. ...... ....
..######.... .# #......# #...
..........# .# #......# #...
..........# .#.#......# #...
........†.#######.#.#......###...
..................#..............
..............................[..
?..............S.###.............
..###..........g@.........)#).<..
. ##(.........@................#
#..........##.............##.#
#..........##.............# .#
#..........##............## .#
#..........##............# .#
#..........##.......#...## .#
######...#..........##..# .#
#...#.†.###........# .#


You could see Terence, an adder and a goblin.

Vanquished Creatures
  Jessica (D:2)
  3 adders
  A leopard gecko (D:1)
  4 goblins
  6 hobgoblins
  3 jackals (D:1)
  8 kobolds
  A quokka (D:2)
  4 bats (D:1)
  3 frilled lizards
  A rat (D:1)
35 creatures vanquished.

Notes
Turn   | Place    | Note
-------+----------+-------------------------------------------
     0 | D:1      | shakethe the Barachi Fighter began the quest for the Orb.
     0 | D:1      | Reached XP level 1. HP: 18/18 MP: 1/1
    73 | D:1      | Reached skill level 3 in Long Blades
    73 | D:1      | Reached XP level 2. HP: 24/25 MP: 2/2
   161 | D:1      | Reached skill level 4 in Fighting
   447 | D:1      | Reached XP level 3. HP: 28/30 MP: 3/3
   668 | D:2      | Noticed Jessica
   690 | D:1      | Reached skill level 4 in Long Blades
   739 | D:2      | Killed Jessica
   739 | D:2      | Reached XP level 4. HP: 38/38 MP: 4/4
   794 | D:2      | Noticed Terence
   817 | D:2      | HP: 9/38 [poisoned by Terence]
   818 | D:2      | HP: 3/38 [poisoned by Terence]
   818 | D:2      | Slain by an adder

Skill      XL: |  1  2  3 |
---------------+----------+-----
Long Blades    | 3 4 |  4.5
Fighting       | 4 |  4.5
Armour         | |  3.6
Shields        | |  3.6

Action                   |  1- 3 |  4- 6 || total
-------------------------+-------+-------++-------
Melee: Long sword        |   104 |    17 ||   121
  Use: Potion            |       |     1 ||     1
Armor: Scale mail        |    40 |    15 ||    55
Dodge: Dodged            |    42 |    20 ||    62
Block: Shield            |    57 |       ||    57
       Buckler           |       |     7 ||     7
       Rpst.: Long sword |    13 |     4 ||    17

Vault maps used:
D:1:      lordsloth_arrival_two_stooges
D:2:      chequers_ecumenical_altar_simple, uniq_terence, uniq_jessica,
          uniq_sigmund

Table legend:
 A = Turns spent in this place as a percentage of turns spent in the entire game.
 B = Non-inter-level travel turns spent in this place as a percentage of non-inter-level travel turns spent in the entire game.
 C = Inter-level travel turns spent in this place as a percentage of turns spent in this place.
 D = Turns resting spent in this place as a percentage of non-inter-level travel turns spent in this place.
 E = Turns spent auto-exploring this place as a percentage of non-inter-level travel turns spent in this place.
 F = Non-inter-level travel turns spent in this place divided by the number of levels of this place that you've seen.
                   A       B       C       D       E      F
               +-------+-------+-------+-------+-------+----------------------
         Total | 100.0 | 100.0 |   1.7 |  24.9 |  43.2 | 402.0
       Dungeon | 100.0 | 100.0 |   1.7 |  24.9 |  43.2 | 402.0
               +-------+-------+-------+-------+-------+----------------------

Table legend:
 A = Kills in this place as a percentage of kills in entire the game.
 B = Kills by you in this place as a percentage of kills by you in the entire game.
 C = Kills by friends in this place as a percentage of kills by friends in the entire game.
 D = Other kills in this place as a percentage of other kills in the entire game.
 E = Experience gained in this place as a percentage of experience gained in the entire game.
 F = Experience gained in this place divided by the number of levels of this place that you have seen.
                   A       B       C       D       E      F
               +-------+-------+-------+-------+-------+----------------------
         Total | 100.0 | 100.0 |   N/A |   N/A | 100.0 |  64.5
       Dungeon | 100.0 | 100.0 |   N/A |   N/A | 100.0 |  64.5
               +-------+-------+-------+-------+-------+----------------------
